 Dungeon Crawl Stone Soup version 0.26.1-2-gb8aa6d0cf2 (webtiles) character file.

Game seed: 13060874298295039399

2581 coolio the Cleaver (level 9, -7/72 HPs)
             Began as a Palentonga Fighter on Mar 3, 2021.
             Was a Follower of Hepliaklqana.
             Killed by divine providence
             ... invoked by an orc priest
              (13 damage)
             ... on level 8 of the Dungeon.
             The game lasted 00:12:35 (7712 turns).

coolio the Cleaver (Palentonga Fighter)             Turns: 7712, Time: 00:12:36

Health: -7/72      AC: 22    Str: 21    XL:     9   Next: 32%
Magic:  10/10      EV:  6    Int:  9    God:    Hepliaklqana [*.....]
Gold:   393        SH:  0    Dex: 11    Spells: 8/8 levels left

rFire    . . .     SeeInvis +   s - +2 hand axe (vorpal)
rCold    . . .     Faith    .   (no shield)
rNeg     . . .     Spirit   .   u - +0 chain mail
rPois    +         Reflect  .   r - +1 helmet
rElec    .         Harm     .   l - +2 cloak {rPois}
rCorr    .         Rampage  .   (no gloves)
Will     .....                  (no barding)
Stlth    ..........             (no amulet)
HPRegen  0.22/turn              p - ring of stealth
MPRegen  0.12/turn              (no ring)

@: lethally poisoned (-7 -> -7), curled up
A: large, reduced essence, rugged brown scales 3, see invisible, deformed body,
roll 1, armoured tail, reflexive curl
a: Rolling Charge, Renounce Religion, Recall Ancestor, Ancestor Identity


You were on level 8 of the Dungeon.
You worshipped Hepliaklqana.
Hepliaklqana was aware of your devotion.
You visited 1 branch of the dungeon, and saw 8 of its levels.

You collected 393 gold pieces.

Inventory:

Hand Weapons
 a - a +1 war axe
 s - a +2 vorpal hand axe (weapon)
Armour
 l - a +2 cloak of poison resistance (worn)
 r - a +1 helmet (worn)
 u - a +0 chain mail (worn)
Jewellery
 p - a ring of stealth (left hand)
Wands
 v - a wand of random effects (1)
Scrolls
 c - 5 scrolls of fog
 e - 8 scrolls of remove curse
 g - 3 scrolls of identify
 j - 2 scrolls of magic mapping
 o - 3 scrolls of enchant armour
Potions
 b - 2 potions of lignification
 d - a potion of might
 f - 2 potions of heal wounds
 h - 7 potions of curing
 i - 2 potions of attraction {unknown}
 k - 2 potions of haste {unknown}
 n - 2 potions of degeneration {unknown}
 q - a potion of flight {unknown}
 t - a potion of resistance {unknown}


   Skills:
 - Level 6.0 Fighting
 * Level 8.2 Axes
 * Level 7.2 Armour
 - Level 2.4 Shields
 + Level 2.3 Invocations


You had 8 spell levels left.
You didn't know any spells.
Your spell library contained the following spells:

 Spells                   Type           Power        Failure   Level
 Sting                    Tmut/Pois      0%           97%         1
 Poisonous Vapours        Pois/Air       0%           99%         2
 Ignite Poison            Fire/Tmut/Pois 0%           100%        3
 Mephitic Cloud           Conj/Pois/Air  0%           100%        3
 Olgreb's Toxic Radiance  Pois           0%           100%        4


Dungeon Overview and Level Annotations

Branches:
Dungeon (8/15)             Temple (0/1) D:6
   Lair: D:8-11

Altars:
Cheibriados
Dithmenos
Fedhas
Hepliaklqana
Makhleb
Nemelex Xobeh
Trog
Uskayaw
Wu Jian
Zin
The Shining One


Innate Abilities, Weirdness & Mutations

You are completely covered in rugged brown scales. (AC +3, +7% HP)
You have supernaturally acute eyesight. (SInv)
Armour fits poorly on your strangely shaped body.
You can roll at nearby foes to attack.
You have a long armoured tail.
You curl defensively after being hit.
Your life essence is reduced to manifest your ancestor. (-10% HP)


Message History

You feel sick.
The killer bee stings you but does no damage.
The killer bee closely misses Lucia.
The killer bee stings you but does no damage.
The orc priest hits Lucia.
The killer bee barely misses Lucia.
The killer bee stings you.
* * * LOW HITPOINT WARNING * * *
The killer bee completely misses you.
The killer bee stings Lucia.
The killer bee stings you.
* * * LOW HITPOINT WARNING * * *
The killer bee stings you but does no damage.
The killer bee barely misses you.
The killer bee stings you but does no damage.
You feel sick. The killer bee stings you.
* * * LOW HITPOINT WARNING * * *
The killer bee stings you but does no damage.
The killer bee stings you but does no damage. x2
The orc priest calls down the wrath of Beogh upon you.
Beogh smites you!
You die...

...# ...######## ..........#
.########.# .# #.#####
.########.##.. ..........##.# #
############.############ # .#
............[...@y..o...#.## ..#
........#####....yR.yo..#..#...#
##+###..# #......y....o.o)......
#.# #.## #.#......o...o##......
##.###.# #.#..........)o†..y.#
.._..'.# # #...........###...#
######.# #...........# .# ###
#.# #...........# ### #.#
##########.##


You could see the friendly Lucia the ancestor, an orc warrior, 4 killer bees, 2
orc priests and 2 orcs.

Vanquished Creatures
  Sigmund (D:2)
  A water moccasin (D:6)
  An ice beast (D:7)
  3 orc warriors
  A phantom (D:5)
  2 ogres (D:4)
  2 centaurs
  A bullfrog (D:3)
  A scorpion (D:6)
  6 howler monkeys
  The ghost of Gadfly the Cudgeller, a weakling GrBe of Trog (D:3)
  2 bullfrog zombies
  3 hounds
  A jelly (D:7)
  3 orc priests (D:5)
  Crazy Yiuf (D:2)
  11 orc wizards
  A bullfrog skeleton (D:5)
  An iguana (D:2)
  2 worker ants
  5 hound skeletons
  A worker ant zombie (D:7)
  Robin (D:2)
  3 gnolls (D:7)
  A howler monkey skeleton (D:7)
  7 adders
  2 shadow imps
  3 white imps
  2 ufetubi
  An ooze (D:1)
  An adder zombie (D:7)
  An adder skeleton (D:2)
  3 worms
  3 dart slugs
  2 leopard geckos
  24 orcs
  6 giant cockroaches
  16 goblins
  7 hobgoblins
  11 jackals
  11 kobolds
  3 quokkas
  2 ball pythons (D:2)
  8 bats
  5 frilled lizards
  2 quokka skeletons
  A quokka zombie (D:5)
  9 rats
186 creatures vanquished.

Vanquished Creatures (collateral kills)
  A worker ant (D:8)
  A shadow imp (D:6)
  2 jackals (D:7)
4 creatures vanquished.

Vanquished Creatures (others)
  2 ancestors (D:7)
  A kobold (D:1)
  4 withered plants (D:2)
7 creatures vanquished.

Grand Total: 197 creatures vanquished

Notes
Turn   | Place    | Note
-------+----------+-------------------------------------------
     0 | D:1      | coolio the Palentonga Fighter began the quest for the Orb.
     0 | D:1      | Reached XP level 1. HP: 20/20 MP: 1/1
    57 | D:1      | Reached XP level 2. HP: 27/27 MP: 2/2
   526 | D:1      | Reached XP level 3. HP: 31/33 MP: 3/3
  1154 | D:2      | Found a hide-covered altar of Uskayaw.
  1253 | D:2      | Found a runed translucent door.
  1254 | D:2      | Noticed Crazy Yiuf
  1392 | D:2      | Killed Crazy Yiuf
  1393 | D:2      | Reached skill level 3 in Axes
  1393 | D:2      | Reached XP level 4. HP: 40/40 MP: 4/4
  2050 | D:2      | Reached XP level 5. HP: 43/49 MP: 5/5
  2133 | D:2      | Noticed Robin
  2160 | D:2      | Killed Robin
  2582 | D:2      | Noticed Sigmund
  2594 | D:2      | Killed Sigmund
  2595 | D:2      | Reached skill level 4 in Axes
  2595 | D:2      | Reached XP level 6. HP: 44/55 MP: 6/6
  3107 | D:3      | Found a transporter.
  3113 | D:3      | Noticed Gadfly's ghost (weakling GrBe)
  3132 | D:3      | Found a transporter.
  3930 | D:3      | Reached skill level 5 in Axes
  3930 | D:3      | Killed Gadfly's ghost
  3931 | D:3      | Gained mutation: You curl defensively after being hit.
                  | [Palentonga growth]
  3931 | D:3      | Reached XP level 7. HP: 61/64 MP: 7/7
  4003 | D:4      | Reached skill level 5 in Armour
  4317 | D:4      | Reached skill level 6 in Axes
  4704 | D:5      | Entered Level 5 of the Dungeon
  4779 | D:5      | Reached skill level 5 in Fighting
  4805 | D:5      | Reached XP level 8. HP: 46/72 MP: 8/8
  5281 | D:5      | Found the +2 robe of Vines {NoPotionHeal Regen+7}
  5292 | D:5      | Found an ornate altar of the Wu Jian Council.
  5293 | D:5      | Found a sparkling altar of Nemelex Xobeh.
  5295 | D:5      | Found a blossoming altar of Fedhas.
  5295 | D:5      | Found a burning altar of Makhleb.
  5303 | D:5      | Found a hazy altar of Hepliaklqana.
  5303 | D:5      | Found a glowing silver altar of Zin.
  5304 | D:5      | Found a shadowy altar of Dithmenos.
  5319 | D:5      | Became a worshipper of Hepliaklqana the Forgotten
  5946 | D:6      | Reached skill level 7 in Axes
  6224 | D:6      | Found a bloodstained altar of Trog.
  6284 | D:6      | Found a staircase to the Ecumenical Temple.
  6353 | D:6      | Reached * piety under Hepliaklqana
  7006 | D:7      | Reached XP level 9. HP: 42/72 MP: 9/9
  7010 | D:7      | Reached skill level 1 in Invocations
  7502 | D:7      | Found a glowing golden altar of the Shining One.
  7507 | D:7      | Reached skill level 8 in Axes
  7637 | D:8      | Found a snail-covered altar of Cheibriados.
  7712 | D:8      | Killed from afar by an orc priest

Illustrated notes

Levels and vault maps discovered:
D:1:      minmay_arrival_open_corners, layout_basic, minmay_tetromino_t4
D:2:      kennysheep_six_static_rooms, layout_basic, overflow_temple_1_default,
          serial_undead, serial_undead_c, serial_undead_d, serial_undead_c,
          serial_undead_e, minmay_misc_feat_more_columns,
          corexii_leaking_fountain, uniq_crazy_yiuf_cottage, uniq_sigmund,
          uniq_robin
D:3:      layout_basic, gammafunk_ghost_arena
D:4:      layout_rooms, kennysheep_dice
D:5:      layout_loops_ring, grunt_temple_overflow_open
D:6:      layout_gridville, overflow_temple_1_default,
          minmay_temple_entry_large_hall, amcnicky_mini_corridor_feature
D:7:      layout_cave_pools, nicolae_tso_swordbearing_angel
D:8:      layout_basic, lemuel_crystal_altar, lemuel_doored_altar

Skill      XL: |  1  2  3  4  5  6  7  8  9 |
---------------+----------------------------+-----
Armour         | 3 4 5 6 7 |  7.2
Axes           | 3 4 5 6 7 8 |  8.2
Fighting       | 4 5 6 |  6.0
Invocations    | 2 |  2.3
Shields        | |  2.4

Action                   |  1- 3 |  4- 6 |  7- 9 || total
-------------------------+-------+-------+-------++-------
Melee: War axe           |    73 |   157 |   230 ||   460
       Tailslap          |     4 |    18 |    35 ||    57
       Hand axe          |       |       |    38 ||    38
Invok: Recall Ancestor   |       |       |     1 ||     1
       Ancestor Identity |       |       |     1 ||     1
 Abil: Rolling Charge    |    10 |     2 |     4 ||    16
Evoke: Wand              |       |       |     3 ||     3
  Use: Scroll            |       |     9 |     4 ||    13
       Potion            |       |     1 |     3 ||     4
 Stab: Distracted        |       |       |     1 ||     1
Armor: Scale mail        |    57 |    81 |       ||   138
       Chain mail        |       |    42 |   253 ||   295
Dodge: Dodged            |    40 |    54 |   116 ||   210
